AoeStats
← Erickinio

Arena

505127642Analyzed
1v1 RM · 24d ago on Sep 8, 2026· 28m 43s· 2 players
Game mode
Random Map
Map size
Tiny (2 player)
Population
200
Speed
Normal
Resources
Standard
Victory
Conquest
Starting age
Dark Age
Ending age
Imperial Age
RankedLock teamsTeams togetherTeam positionsShared explorationLock speedFull tech treeHidden civsTurbo modeCheats
Victory
Defeat
🇦🇷 Celts · Argentina
850
+15
🇲🇽 Tupi · Mexico
836
-15
himzura
0:49 Loom
12:58 Feudal Age
17:54 Castle Age
17:50 Fletching
19:03 Double-Bit Axe
26:11 Wheelbarrow
27:29 Town Watch
Erickinio
10:18 Feudal Age
10:32 Man-at-Arms
12:13 Arson
12:47 Double-Bit Axe
13:07 Loom
13:42 Forging
20:21 Stone Mining
22:31 Fletching
25:52 Castle Age
25:13 Gold Mining
26:30 Light Cavalry
27:11 Husbandry
28:48 Gambesons
Connection lost

Rejoining the realm…

Still unreachable

The connection could not be restored.

Session expired

The server has moved on; the page needs a fresh start.